 Dungeon Crawl Stone Soup version 0.27-a0-1090-gb115f176c6 (webtiles) character file.

Game seed: 16414183525902283225

213 ardl the Bolt Thrower (level 5, -11/38 HPs)
             Began as a Demonspawn Hunter on Apr 28, 2021.
             Killed by divine providence
             ... invoked by an orc priest
              (13 damage)
             ... on level 4 of the Dungeon.
             The game lasted 00:04:20 (3067 turns).

ardl the Bolt Thrower (Demonspawn Hunter)           Turns: 3067, Time: 00:04:20

Health: -11/38     AC:  6    Str: 13    XL:     5   Next: 59%
Magic:  5/5        EV: 11    Int: 13    God:
Gold:   128        SH:  0    Dex: 13    Spells: 4/4 levels left

rFire    . . .     SeeInvis .   a - +1 hand crossbow
rCold    . . .     Faith    .   (no shield)
rNeg     . . .     Spirit   .   c - +1 leather armour
rPois    .         Reflect  .   (no helmet)
rElec    .         Harm     .   (no cloak)
rCorr    .         Rampage  .   (no gloves)
Will     .....                  (no boots)
Stlth    +.........             (no amulet)
HPRegen  0.12/turn              (no ring)
MPRegen  0.09/turn              (no ring)

@: no status effects
A: talons 1, molten scales 1, demonic guardian 2
a: no special abilities


You were on level 4 of the Dungeon.
You visited 1 branch of the dungeon, and saw 4 of its levels.

You collected 128 gold pieces.

Inventory:

Hand Weapons
 a - a +1 hand crossbow (weapon)
 b - a +0 short sword
Missiles
 d - 12 bolts (quivered ammo)
Armour
 c - a +1 leather armour (worn)
Scrolls
 e - a scroll of teleportation {unknown}
 g - a scroll of summoning
 i - a scroll of immolation
 k - a scroll of magic mapping {unknown}
Potions
 f - 3 potions of resistance {unknown}
 h - a potion of curing {unknown}
 l - a potion of brilliance {unknown}
 m - a potion of heal wounds {unknown}
 n - a potion of attraction {unknown}


   Skills:
 - Level 2.0 Fighting
 - Level 4.0 Short Blades
 + Level 4.7 Crossbows
 - Level 1.7 Dodging
 - Level 0.8 Stealth


You had 4 spell levels left.
You didn't know any spells.
Your spell library contained the following spells:

 Spells                   Type           Power      Damage    Failure   Level
 Magic Dart               Conj           0%         1d3       36%         1
 Searing Ray              Conj           0%         3d3       52%         2
 Dazzling Flash           Conj/Hex       0%         N/A       75%         3
 Fulminant Prism          Conj/Hex       0%         3d6       98%         4
 Iskenderun's Mystic Bla  Conj/Tloc      0%         2d3       98%         4


Dungeon Overview and Level Annotations

Branches:
Dungeon (3/15)

Altars:

Shops:
D:1 *


Innate Abilities, Weirdness & Mutations

You have sharp toenails.
You are partially covered in molten scales. (AC +2)
A demonic guardian rushes to your aid.


Message History

The endoplasm closely misses your orange demon.
What are your orders? t - Shout!
Orders for allies: a - Attack new target. r - Retreat! s - Stop attacking. g - Guard the area. f - Follow me.
Anything else - Cancel.
Gang up on whom?
Aim: an endoplasm Attack!
Your orange demon stings the endoplasm!
The endoplasm dies!
Your orange demon is smitten.
Your orange demon barely misses the endoplasm.
Your orange demon stings the endoplasm.
Your orange demon hits the endoplasm.
The endoplasm freezes your orange demon.
Your orange demon is frozen.
Your orange demon stings the endoplasm.
The endoplasm dies!
What are your orders? t - Shout!
Orders for allies: a - Attack new target. r - Retreat! s - Stop attacking. g - Guard the area. f - Follow me.
Anything else - Cancel.
Gang up on whom?
Aim: an orc priest, wielding a +0 flail Attack!
The orc priest invokes the aid of Beogh against you.
Beogh smites you!
* * * LOW HITPOINT WARNING * * *
A demonic guardian appears!
You take 13 damage, and have 2/38 hp.
MASSIVE DAMAGE!!
The orc priest casts a cantrip, but nothing happens.
Your orange demon stings the orc priest from afar!
Your orange demon stings the orc priest.
Your orange demon barely misses the orc priest.
The orc priest invokes the aid of Beogh against you.
Beogh smites you!
You die...

#### ..### #...
o.####### #..#
........# #..#
#.####.####..#########
#..(..4..............
##...o4....@..#######
#(###.#######.# #( #.#
#.# (. #.# #.. #J #.#
.... # #.# #..?# #..
...## ###


You could see an orc priest (ally target), a friendly orange demon (summoned)
and a friendly hellwing (summoned).

Vanquished Creatures
  A sky beast (D:2)
  4 gnolls (D:2)
  A dart slug (D:1)
  An orc (D:3)
  4 bats
  6 endoplasms
  6 giant cockroaches
  8 goblins
  5 hobgoblins (D:1)
  4 jackals (D:3)
  6 kobolds
  3 quokkas
  3 ball pythons
  2 frilled lizards (D:1)
  3 rats
57 creatures vanquished.

Vanquished Creatures (collateral kills)
  An orc priest (D:4)
  2 endoplasms (D:4)
  A quokka (D:1)
4 creatures vanquished.

Grand Total: 61 creatures vanquished

Notes
Turn   | Place    | Note
-------+----------+-------------------------------------------
     0 | D:1      | ardl the Demonspawn Hunter began the quest for the Orb.
     0 | D:1      | Reached XP level 1. HP: 16/16 MP: 1/1
   505 | D:1      | Reached skill level 1 in Short Blades
   511 | D:1      | Gained mutation: A weak demonic guardian rushes to your
                  | aid. [demonic ancestry]
   511 | D:1      | Reached XP level 2. HP: 3/22 MP: 2/2
   816 | D:1      | Found a faded altar of an unknown god.
  1263 | D:1      | Found Wolu's General Store.
  1388 | D:1      | Gained mutation: You are partially covered in molten
                  | scales. (AC +2) [demonic ancestry]
  1388 | D:1      | Reached XP level 3. HP: 27/27 MP: 3/3
  2036 | D:2      | Noticed a sky beast
  2050 | D:2      | Killed a sky beast
  2051 | D:2      | Gained mutation: A demonic guardian rushes to your aid.
                  | [demonic ancestry]
  2051 | D:2      | Reached XP level 4. HP: 33/33 MP: 4/4
  2388 | D:2      | Gained mutation: You have sharp toenails. [demonic
                  | ancestry]
  2388 | D:2      | Reached XP level 5. HP: 36/38 MP: 5/5
  3033 | D:3      | You fall into a shaft and drop 1 floor!
  3067 | D:4      | Killed from afar by an orc priest

Illustrated notes

Levels and vault maps discovered:
D:1:      wander_arrival_fairy_ring, layout_loops_corners, serial_shops,
          shop_fountains, hellmonk_ecumenical_altar_blasted, minmay_pentomino_o4
D:2:      layout_basic
D:3:      layout_loops_ring, minmay_misc_feat_more_columns, uniq_natasha,
          uniq_ijyb
D:4:      layout_loops_ring, nicolae_wu_jian_wuxing_cycle, vehumet_altar_wand_db

Skill      XL: |  1  2  3  4  5 |
---------------+----------------+-----
Short Blades   | 1 2 3 4 |  4.0
Crossbows      | 4 |  4.7
Fighting       | |  2.0
Dodging        | |  1.7
Stealth        | |  0.8

Action                   |  1- 3 |  4- 6 || total
-------------------------+-------+-------++-------
Melee: Short sword       |   120 |    73 ||   193
       Kick              |       |     9 ||     9
 Fire: Hand crossbow     |     9 |    15 ||    24
  Use: Scroll            |       |     1 ||     1
 Stab: Sleeping          |     1 |     1 ||     2
Armor: Leather armour    |    37 |    22 ||    59
Dodge: Dodged            |    64 |    36 ||   100

Table legend: (Time is in decaauts)
 A = Elapsed time spent in this place.
 B = Non-inter-level travel time spent in this place.
 C = Inter-level travel time spent in this place.
 D = Time resting spent in this place.
 E = Time spent auto-exploring this place.
 F = Levels seen in this place.
 G = Mean time per level.
                   A        B        C        D        E       F      G
               +--------+--------+--------+--------+--------+-----+--------+
         Total |   3065 |   2987 |     78 |    688 |   1825 |   4 |  766.2 |
       Dungeon |   3065 |   2987 |     78 |    688 |   1825 |   4 |  766.2 |
               +--------+--------+--------+--------+--------+-----+--------+

Top non-repeatable levels by time:
     D:1: 1792 daAuts
     D:2: 1013 daAuts
     D:3: 225 daAuts
     D:4: 35 daAuts
